 Dungeon Crawl Stone Soup version 0.23.1-37-gaa34b87 (webtiles) character file.

Game seed: 15351537261626478810

95 redwoodhats the Ruffian (level 4, -3/40 HPs)
             Began as a Troll Transmuter on Mar 26, 2019.
             Slain by a gnoll
             ... wielding a +0 spear
              (6 damage)
             ... on level 3 of the Dungeon.
             The game lasted 00:06:52 (1487 turns).

redwoodhats the Ruffian (Troll Transmuter)          Turns: 1487, Time: 00:06:54

Health: -3/40      AC:  6    Str: 18    XL:     4   Next: 39%
Magic:  4/5        EV: 10    Int: 10    God:
Gold:   105        SH:  0    Dex: 10    Spells: 5/6 levels left

rFire    . . .     SeeInvis .   i - +0 giant spiked club
rCold    . . .     Gourm    +   (shield currently unavailable)
rNeg     . . .     Faith    .   b - +0 robe
rPois    .         Spirit   .   (helmet restricted)
rElec    .         Reflect  .   (no cloak)
rCorr    .         Harm     .   (gloves unavailable)
MR       .....                  (boots unavailable)
Stlth    +.........             (no amulet)
HPRegen  0.53/turn              (no ring)
MPRegen  0.09/turn              (no ring)

@: appendage (expiring)
A: large, unfitting armour, claws 3, horns 2, fast metabolism 3, gourmand,
regeneration 1, shaggy fur 1, tough skin 3
a: End Transformation


You were on level 3 of the Dungeon.
You were not hungry.
You had grown temporary horns.
You visited 1 branch of the dungeon, and saw 3 of its levels.

You collected 105 gold pieces.

Inventory:

Hand Weapons
 i - a +0 giant spiked club (weapon)
Missiles
 a - 12 arrows
 g - 4 tomahawks (quivered)
Armour
 b - a +0 robe (worn)
 c - a +3 ring mail
Scrolls
 e - 2 scrolls of remove curse
 h - a scroll of amnesia {unknown}
 j - 3 scrolls of immolation
 k - a scroll of enchant armour {unknown}
Potions
 f - a potion of agility {unknown}
Comestibles
 d - 2 rations


   Skills:
 + Level 0.8 Fighting
 + Level 2.0 Dodging
 + Level 0.1 Stealth
 + Level 4.0 Unarmed Combat
 + Level 1.8 Spellcasting
 + Level 1.8 Transmutations


You had 5 spell levels left.
You knew the following spells:

 Your Spells              Type           Power        Failure   Level  Hunger
a - Beastly Appendage     Tmut           #.....       14%         1    ##.....

Your spell library contained the following spells:

 Spells                   Type           Power        Failure   Level  Hunger
 Sticks to Snakes         Tmut           #.......     22%         2    ###....
 Spider Form              Tmut/Pois      #.........   54%         3    ####...
 Ice Form                 Ice/Tmut       #.......     91%         4    #####..
 Blade Hands              Tmut           #.........   99%         5    ######.


Dungeon Overview and Level Annotations

Branches:
Dungeon (3/15)

Altars:
Ashenzari


Innate Abilities, Weirdness & Mutations

You are too large for most types of armour.
You have claws for hands.
Your metabolism is lightning-fast.
You like to eat raw meat.
Your natural rate of healing is unusually fast.
You are covered in fur. (AC +1)
You have extremely tough skin. (AC +3)
You have a pair of horns on your head.


Message History

The gnoll hits you.
You puncture the gnoll!
You kill the gnoll!
Your Unarmed Combat skill increases to level 4!
The gnoll misses you.
The gnoll hits you from afar with a +0 spear!
The gnoll hits you but does no damage. The gnoll closely misses you.
You see here a gnoll corpse.
You completely miss the gnoll. The gnoll barely misses you.
A gnoll comes into view. It is wielding a +0 whip.
The gnoll hits you from afar with a +0 halberd.
The gnoll barely misses you.
The gnoll hits you from afar with a +0 halberd!
You closely miss the gnoll. Your headbutt misses the gnoll.
The gnoll hits you with a +0 spear!
* * * LOW HITPOINT WARNING * * *
The gnoll hits you from afar with a +0 halberd.
* * * LOW HITPOINT WARNING * * *
The gnoll hits you with a +0 spear.
You die...

#..# #.# #.. #)# #.#
#(##### ..####)#...#
......(..#.#
..##.###...# #########
..##.####.######gg.$.gg.
###...###.#...##g#
....#.......#.##@#
###.......#...##.#
###..#####.....# #..#
####### ### #. .. .
##### ...# ##.#


You could see 3 gnolls.

Vanquished Creatures
  2 adders (D:2)
  A gnoll (D:3)
  An ooze (D:1)
  3 worms (D:2)
  A leopard gecko (D:1)
  An orc (D:3)
  7 bats
  12 giant cockroaches
  5 goblins
  2 jackals (D:3)
  A quokka (D:2)
  A ball python (D:1)
  3 frilled lizards
  6 kobolds
  5 rats
51 creatures vanquished.

Notes
Turn   | Place    | Note
-------+----------+-------------------------------------------
     0 | D:1      | redwoodhats the Troll Transmuter began the quest for the
                  | Orb.
     0 | D:1      | Reached XP level 1. HP: 18/18 MP: 1/1
   213 | D:1      | Reached XP level 2. HP: 26/26 MP: 0/3
   606 | D:2      | Reached XP level 3. HP: 16/32 MP: 2/4
   736 | D:2      | Found a shattered altar of Ashenzari.
  1024 | D:2      | Found a faded altar of an unknown god.
  1332 | D:3      | Reached XP level 4. HP: 40/40 MP: 3/5
  1484 | D:3      | Reached skill level 4 in Unarmed Combat
  1487 | D:3      | Slain by a gnoll

Skill      XL: |  1  2  3  4 |
---------------+-------------+-----
Dodging        | 2 |  2.0
Unarmed Combat | 4 |  4.0
Fighting       | |  0.8
Stealth        | |  0.1
Spellcasting   | |  1.8
Transmutations | |  1.8

Action                   |  1- 3 |  4- 6 || total
-------------------------+-------+-------++-------
Melee: Unarmed           |    84 |    21 ||   105
       Kick              |     4 |     3 ||     7
       Headbutt          |     3 |     1 ||     4
       Punch             |     2 |     1 ||     3
       Giant spiked club |       |    40 ||    40
 Cast: Beastly Appendage |    20 |     6 ||    26
  Use: Scroll            |     4 |       ||     4
       Potion            |     2 |       ||     2
 Stab: Sleeping          |     2 |       ||     2
  Eat: Ration            |     3 |     1 ||     4
Armor: Robe              |    42 |    42 ||    84
Dodge: Dodged            |    32 |    76 ||   108
